 Dungeon Crawl Stone Soup version 0.20.1-1-g8b1a95d (webtiles) character file.

39 sanboga the Shield-Bearer (level 3, 0/20 HPs)
             Began as a Vine Stalker Fighter on Dec 15, 2017.
             Slain by a human (6 damage)
             ... on level 2 of the Dungeon.
             The game lasted 00:02:45 (790 turns).

sanboga the Shield-Bearer (Vine Stalker Fighter)     Turns: 790, Time: 00:02:45

Health: 0/20       AC:  8    Str: 19    XL:     3   Next: 47%
Magic:  0/4        EV:  5    Int:  8    God:
Gold:   67         SH:  9    Dex: 11    Spells: 2/2 levels left

rFire    . . .     SeeInvis .   a - +0 trident
rCold    . . .     Gourm    .   c - +0 shield
rNeg     . . .     Faith    .   l - +0 chain mail
rPois    .         Spirit   +   (no helmet)
rElec    .         Reflect  .   (no cloak)
rCorr    .         Harm     .   (no gloves)
MR       .....     Clarity  +   (no boots)
Stlth    ..........             (no amulet)
Regen    0.1/turn               (no ring)
MPRegen  0.1/turn               (no ring)

@: no status effects
A: claws 1, fangs 2, clarity, clumsy 1, magic shield, antimagic bite, no potion
heal 3, rot immunity
a: no special abilities


You were on level 2 of the Dungeon.
You were not hungry.

You visited 1 branch of the dungeon, and saw 2 of its levels.

You collected 67 gold pieces.

Inventory:

Hand Weapons
 a - a +0 trident (weapon)
Armour
 c - a +0 shield (worn)
 l - a +0 chain mail (worn)
Scrolls
 e - a scroll of identify
 j - a scroll of enchant weapon {unknown}
Potions
 b - a potion of berserk rage {unknown}
 d - a potion of might
Comestibles
 f - 2 bread rations
 i - a meat ration
 k - 2 fruits


   Skills:
 + Level 3.0 Fighting
 + Level 2.2 Polearms
 + Level 2.6 Armour
 + Level 0.1 Dodging
 + Level 3.2 Shields


You had 2 spell levels left.
You didn't know any spells.

Dungeon Overview and Level Annotations

Branches:
Dungeon (2/15)

Altars:
Yredelemnul


Innate Abilities, Weirdness & Mutations

You have extremely sharp teeth.
When hurt, damage is shared between your health and your magic reserves.
Your bite disrupts and absorbs the magic of your enemies.
Potions cannot restore your health.
You are immune to rotting.
You have sharp fingernails.
You possess an exceptional clarity of mind.
You are clumsy. (Dex -2)


Message History

The human is moderately wounded.
You barely miss the human. You bite the human. You drain its power.
The human is moderately wounded.
The human hits you.
You hit the human. You bite the human, but do no damage.
The human is heavily wounded.
The human hits you.
You closely miss the human. You bite the human. You drain its power.
You feel invigorated.
The human is heavily wounded.
The human hits you.
You closely miss the human.
The human is heavily wounded.
The human hits you.
* * * LOW HITPOINT WARNING * * *
The human hits you but does no damage.
You closely miss the human. You bite the human, but do no damage.
The human is heavily wounded.
The human hits you!
You die...

.....#.#......######
####.#>............##
#.#.#.##.#.####..#
#.#.#.##.#.#####.##
#.#...##.#.†.###..#
#.#.##.#.#.#.#....##
#.... .............#
##### .#.#...p.....#
.#.#...@....#####
#########
#....###.#...#
.....(..#
#....#.'.#._.#
#######.#
##...###.#...# #
####.# #^.......#####
# #<...# ##........#
# ###### +........#
#...###### #...#


You could see a human.

Vanquished Creatures
  An ooze (D:1)
  A worm (D:1)
  2 dart slugs
  A leopard gecko (D:1)
  4 giant cockroaches
  5 goblins (D:1)
  2 hobgoblins (D:1)
  5 kobolds (D:1)
  A ball python (D:1)
  2 bats (D:1)
  A kobold skeleton (D:2)
  3 rats (D:1)
28 creatures vanquished.

Notes
Turn   | Place    | Note
-------+----------+-------------------------------------------
     0 | D:1      | sanboga the Vine Stalker Fighter began the quest for the Orb.
     0 | D:1      | Reached XP level 1. HP: 11/11 MP: 2/2
    60 | D:1      | Reached XP level 2. HP: 14/16 MP: 3/3
   301 | D:1      | Reached XP level 3. HP: 18/19 MP: 4/4
   668 | D:2      | Gained mutation: You possess an exceptional clarity of mind. [potion of mutation]
   668 | D:2      | Gained mutation: You are clumsy. (Dex -2) [potion of mutation]
   668 | D:2      | Gained mutation: You have sharp fingernails. [potion of mutation]
   714 | D:2      | Found a runed door.
   714 | D:2      | Noticed a human
   737 | D:2      | Found a basalt altar of Yredelemnul.
   790 | D:2      | Slain by a human

Skill      XL: |  1  2  3 |
---------------+----------+-----
Shields        | 3 |  3.2
Polearms       | 2 |  2.2
Fighting       | 3 |  3.0
Armour         | |  2.6
Dodging        | |  0.1

Action                   || total
-------------------------++-------
Melee: Trident           ||   101
       Bite              ||    23
  Use: Scroll            ||     2
       Potion            ||     1
Armor: Scale mail        ||    32
       Chain mail        ||     4
Dodge: Dodged            ||    26
Block: Shield            ||    42
